 Dungeon Crawl Stone Soup version 0.29.1-1-gd02db6906a (webtiles) character file.

Game seed: 4605862147149718379

100 FastidiousMonk the Trooper (level 4, -1/45 HPs)
             Began as a Hill Orc Fighter on Oct 2, 2022.
             Slain by a gnoll
             ... wielding a +0 whip
              (5 damage)
             ... on level 2 of the Dungeon.
             The game lasted 00:10:38 (1750 turns).

FastidiousMonk the Trooper (Hill Orc Fighter)       Turns: 1750, Time: 00:10:38

Health: -1/45      AC:  6    Str: 20    XL:     4   Next: 74%
Magic:  4/4        EV:  9    Int:  8    God:
Gold:   104        SH:  4    Dex: 10    Spells: 3/3 levels left

rFire   . . .      SeeInvis .   a - +0 long sword
rCold   . . .      Faith    .   c - +0 buckler
rNeg    . . .      Spirit   .   b - +0 scale mail
rPois   .          Reflect  .   (no helmet)
rElec   .          Harm     .   (no cloak)
rCorr   .          Rampage  .   (no gloves)
Will    .....                   (no boots)
Stlth   ..........              (no amulet)
HPRegen 0.15/turn               (no ring)
MPRegen 0.09/turn               (no ring)

@: no status effects
A: no striking features
a: no special abilities


You were on level 2 of the Dungeon.
You visited 1 branch of the dungeon, and saw 2 of its levels.

You collected 104 gold pieces.

Inventory:

Hand Weapons
 a - a +0 long sword (weapon)
Missiles
 e - 35 stones (quivered)
Armour
 b - a +0 scale mail (worn)
 c - a +0 buckler (worn)
 h - a +0 chain mail
 m - a scarf of shadows
Wands
 n - a wand of iceblast (7)
Scrolls
 f - a scroll of torment {unknown}
 g - 3 scrolls of magic mapping {unknown}
 i - a scroll of silence {unknown}
 j - a scroll of poison {unknown}
 k - a scroll of immolation {unknown}
 o - 3 scrolls of teleportation {unknown}
 p - a scroll of fear {unknown}
 q - 3 scrolls of summoning {unknown}
Potions
 d - a potion of might
 l - a potion of brilliance {unknown}


   Skills:
 * Level 6.4 Fighting
 - Level 2.1 Long Blades
 - Level 3.2 Armour
 - Level 3.2 Shields


You had 3 spell levels left.
You didn't know any spells.
Your spell library was empty.

Dungeon Overview and Level Annotations

Branches:
Dungeon (2/15)

Altars:

Annotations:
D:1 Altars-UnknownGod,


Message History

You slash the frilled lizard!
You kill the frilled lizard!
The gnoll throws a throwing net.
You block the throwing net. The gnoll closely misses you.
You hit the gnoll.
The gnoll is lightly wounded.
The gnoll hits you but does no damage.
You hit the gnoll.
The gnoll is moderately wounded.
The gnoll hits you with a +0 club.
You hit the gnoll.
The gnoll is severely wounded.
The gnoll hits you but does no damage. The gnoll hits you with a +0 club.
* * * LOW HITPOINT WARNING * * *
You hit the gnoll.
The gnoll is severely wounded.
The gnoll hits you with a +0 club.
* * * LOW HITPOINT WARNING * * *
You are too injured to fight recklessly!
You are too injured to fight recklessly!
You barely miss the gnoll.
The gnoll is severely wounded.
The gnoll barely misses you.
You hit the gnoll.
You kill the gnoll!
The gnoll barely misses you.
You slash the gnoll!
The gnoll is severely wounded.
The gnoll hits you but does no damage.
You hit the gnoll but do no damage.
The gnoll is severely wounded.
The gnoll hits you with a +0 whip.
* * * LOW HITPOINT WARNING * * *
You barely miss the gnoll.
The gnoll is severely wounded.
The gnoll barely misses you. The gnoll closely misses you.
You closely miss the gnoll.
The gnoll is severely wounded.
The gnoll hits you with a +0 whip.
You die...

#.......#
#.##.#..#
######.##.#..#
#.........#..#
#.....#####..##
'.....').ggg.>####
#...g.####.......#
#.....####.#..##g#
#.....##......##@#
#.....####.##)##.#
#.....##...##<...#
##########.##.####
####.# #.# #.# #.#
#.#


You could see a gnoll.

Vanquished Creatures
  Jessica (D:2)
  2 gnolls (D:2)
  An adder (D:2)
  2 worms (D:2)
  3 dart slugs (D:1)
  2 bats
  4 endoplasms
  2 goblins (D:2)
  3 hobgoblins (D:1)
  3 quokkas
  4 ball pythons
  4 frilled lizards
  3 kobolds
  2 rats (D:1)
36 creatures vanquished.

Notes
Turn   | Place    | Note
-------+----------+-------------------------------------------
     0 | D:1      | FastidiousMonk the Hill Orc Fighter began the quest for the
                  | Orb.
     0 | D:1      | Reached XP level 1. HP: 19/19 MP: 1/1
    80 | D:1      | Reached skill level 4 in Fighting
   242 | D:1      | Reached XP level 2. HP: 22/27 MP: 2/2
   571 | D:1      | Found a faded altar of an unknown god.
   981 | D:1      | Reached skill level 5 in Fighting
   981 | D:1      | Reached XP level 3. HP: 36/36 MP: 3/3
  1173 | D:2      | Noticed Jessica
  1193 | D:2      | Killed Jessica
  1203 | D:2      | Reached XP level 4. HP: 27/44 MP: 4/4
  1442 | D:2      | Reached skill level 6 in Fighting
  1750 | D:2      | Slain by a gnoll

Illustrated notes

Levels and vault maps discovered:
D:1:      psy_arrival_spokes, layout_basic, hellmonk_ecumenical_altar_zigzags,
          minivault_24
D:2:      layout_basic, uniq_jessica

Skill      XL: |  1  2  3  4 |
---------------+-------------+-----
Fighting       | 4 5 6 |  6.4
Long Blades    | |  2.1
Armour         | |  3.2
Shields        | |  3.2

Action                   |  1- 3 |  4- 6 || total
-------------------------+-------+-------++-------
Melee: Long sword        |    68 |    63 ||   131
Armor: Scale mail        |    24 |    19 ||    43
Dodge: Dodged            |    41 |    26 ||    67
Block: Buckler           |    14 |    10 ||    24
